 Dungeon Crawl Stone Soup version 0.27.1-4-g1640c2035a (webtiles) character file.

Game seed: 567083633984093279

28 styxcanada the Sneak (level 2, 0/15 HPs)
             Began as a Spriggan Brigand on Nov 15, 2021.
             Slain by a ball python (2 damage)
             ... on level 2 of the Dungeon.
             The game lasted 00:04:15 (1428 turns).

styxcanada the Sneak (Spriggan Brigand)             Turns: 1428, Time: 00:04:16

Health: 0/15       AC:  3    Str:  5 (7)  XL:     2   Next: 96%
Magic:  3/3        EV: 13    Int: 10 (12) God:
Gold:   50         SH:  0    Dex: 13 (16) Spells: 1/1 levels left

rFire    . . .     SeeInvis +   a - +2 dagger
rCold    . . .     Faith    .   (shield restricted)
rNeg     . . .     Spirit   .   b - +0 robe
rPois    .         Reflect  .   (helmet restricted)
rElec    .         Harm     .   c - +0 cloak
rCorr    .         Rampage  .   (gloves unavailable)
Will     .....                  (boots unavailable)
Stlth    +++.......             (no amulet)
HPRegen  0.05/turn              (no ring)
MPRegen  0.08/turn              (no ring)

@: attractive, constricted, very quick
A: very small, no large weapons, unfitting armour, see invisible, speed 3
a: no special abilities


You were on level 2 of the Dungeon.
You visited 1 branch of the dungeon, and saw 2 of its levels.

You collected 50 gold pieces.

Inventory:

Hand Weapons
 a - a +2 dagger (weapon)
Missiles
 d - 23 poisoned darts (quivered)
 e - 5 curare-tipped darts
 i - 72 stones
Armour
 b - a +0 robe (worn)
 c - a +0 cloak (worn)
Scrolls
 g - a scroll of enchant weapon {unknown}
 h - a scroll of blinking {unknown}
 j - a scroll of vulnerability {unknown}
 k - a scroll of identify {unknown}
 m - a scroll of fog {unknown}
 n - a scroll of teleportation {unknown}


   Skills:
 * Level 1.8 Fighting
 + Level 2.4 Short Blades
 + Level 2.3 Throwing
 * Level 1.8 Dodging
 * Level 6.6 Stealth


You had one spell level left.
You didn't know any spells.
Your spell library contained the following spells:

 Spells                   Type           Power      Damage    Failure   Level
 Call Canine Familiar     Summ           0%         N/A       75%         3
 Portal Projectile        Hex/Tloc       0%         N/A       75%         3
 Leda's Liquefaction      Hex/Erth       0%         N/A       98%         4


Dungeon Overview and Level Annotations

Branches:
Dungeon (2/15)

Altars:


Innate Abilities, Weirdness & Mutations

You are very small and have problems with some larger weapons.
You are too small for most types of armour.
You have supernaturally acute eyesight. (SInv)
You cover ground extremely quickly. (Speed+++)


Message History

You closely miss the adder. The ball python closely misses you.
The ball python misses you. The adder bites you.
You are poisoned.
The adder poisons you!
You hit the adder but do no damage.
You feel sick. The adder bites you. The ball python closely misses you. x2
You hit the adder.
The adder is moderately wounded.
You feel sick. The adder barely misses you.
The ball python bites you but does no damage.
The ball python grabs you. The ball python constricts you.
The adder completely misses you.
You barely miss the adder.
The adder is lightly wounded.
You feel sick. The ball python barely misses you.
The ball python constricts you. The adder closely misses you.
You hit the adder.
The adder is moderately wounded.
You feel sick.
You are no longer poisoned.
The ball python closely misses you. The ball python constricts you.
The adder bites you but does no damage. The ball python closely misses you.
The ball python constricts you.
* * * LOW HITPOINT WARNING * * *
It was a potion of attraction.
You feel attractive to monsters. The adder misses you.
The ball python bites you but does no damage.
The ball python constricts you.
* * * LOW HITPOINT WARNING * * *
It was a potion of degeneration.
There was something very wrong with that liquid.
You feel weakened.
You feel dopey.
You feel clumsy. The adder bites you but does no damage.
The ball python bites you.
* * * LOW HITPOINT WARNING * * *
The ball python constricts you. The adder barely misses you.
You closely miss the adder.
The adder is moderately wounded.
The ball python bites you.
You die...

?.. #.## # #..
#. ...
##>###.#######
...........!. #.
.#..SS....### #.
.#..@..>.... #.
.#..####..##
#.#.#..# ##..##
#...#..# .....#
#..##..##†....##
#...............
##.##..##.....#.
#.##..# .....#
#.##.........#


You could see an adder and a ball python.

Vanquished Creatures
  A dart slug (D:1)
  3 endoplasms
  3 giant cockroaches (D:1)
  2 goblins (D:1)
  A hobgoblin (D:1)
  2 jackals (D:1)
  2 quokkas
  3 ball pythons (D:1)
  2 frilled lizards (D:1)
  3 kobolds
  2 rats
24 creatures vanquished.

Notes
Turn   | Place    | Note
-------+----------+-------------------------------------------
     0 | D:1      | styxcanada the Spriggan Brigand began the quest for the
                  | Orb.
     0 | D:1      | Reached XP level 1. HP: 10/10 MP: 2/2
    43 | D:1      | Reached skill level 6 in Stealth
   539 | D:1      | Reached XP level 2. HP: 12/14 MP: 3/3
   823 | D:1      | Found a faded altar of an unknown god.
  1428 | D:2      | Slain by a ball python

Illustrated notes

Levels and vault maps discovered:
D:1:      heliophobic_arrival_ceremonial_halls, layout_basic,
          chequers_ecumenical_altar_simple, chequers_serial_rivers_micro_c
D:2:      layout_loops_ring

Skill      XL: |  1 |
---------------+----+-----
Stealth        | 6 |  6.6
Fighting       | |  1.8
Short Blades   | |  2.4
Throwing       | |  2.3
Dodging        | |  1.8

Action                   || total
-------------------------++-------
Melee: Dagger            ||    76
Throw: Dart              ||    11
  Use: Potion            ||     2
 Stab: Sleeping          ||     5
       Distracted        ||     1
Armor: Robe              ||     9
Dodge: Dodged            ||    62
